 Dungeon Crawl Stone Soup version 0.24.0-13-gcf9b319 (webtiles) character file.

Game seed: 7694885276719666662, levelgen mode: deterministic

87 Fang the Skirmisher (level 4, -1/29 HPs)
             Began as a Gargoyle Berserker on Nov 21, 2019.
             Was a Believer of Trog.
             Slain by an orc
             ... wielding a +2 dagger of freezing
              (2 damage)
             ... on level 3 of the Dungeon.
             The game lasted 00:01:52 (2160 turns).

Fang the Skirmisher (Gargoyle Berserker)            Turns: 2160, Time: 00:01:52

Health: -1/29      AC:  5    Str: 21    XL:     4   Next: 51%
Magic:  4/4        EV: 12    Int:  8    God:    Trog [**....]
Gold:   130        SH:  0    Dex: 13    Spells: 3/3 levels left

rFire    . . .     SeeInvis .   a - +0 hand axe
rCold    . . .     Gourm    .   (no shield)
rNeg     + . .     Faith    .   b - +0 animal skin
rPois    ∞         Spirit   .   (no helmet)
rElec    +         Reflect  .   (no cloak)
rCorr    .         Harm     .   (no gloves)
MR       .....                  (no boots)
Stlth    ..........             d - amulet of magic regeneration
HPRegen  0.09/turn              m - ring of attention (curse)
MPRegen  0.34/turn              l - +4 ring of dexterity

@: no status effects
A: negative energy resistance 1, electricity resistance, unbreathing,
petrification resistance, rot immunity, AC +3
a: Berserk, Trog's Hand, Renounce Religion


You were on level 3 of the Dungeon.
You worshipped Trog.
Trog was pleased with you.
You were near starving.

You visited 1 branch of the dungeon, and saw 3 of its levels.

You collected 130 gold pieces.

Inventory:

Hand Weapons
 a - a +0 hand axe (weapon)
Armour
 b - a +0 animal skin (worn)
Jewellery
 d - an amulet of magic regeneration (around neck)
 h - an uncursed ring of magical power
 l - a +4 ring of dexterity (right hand)
 m - a cursed ring of attention (left hand)
 n - an uncursed amulet of faith {unknown}
Scrolls
 e - a scroll of magic mapping {unknown}
 f - 2 scrolls of remove curse {unknown}
 g - 2 scrolls of amnesia {unknown}
 i - a scroll of fear {unknown}
 j - 2 scrolls of teleportation {unknown}
 k - a scroll of identify {unknown}
Comestibles
 c - 3 rations


   Skills:
 + Level 4.0 Fighting
 + Level 3.3 Axes
 + Level 3.1 Armour
 + Level 2.3 Dodging


You had 3 spell levels left.
You didn't know any spells.
Your spell library was empty.

Dungeon Overview and Level Annotations

Branches:
Dungeon (3/15)

Altars:
Sif Muna
Uskayaw


Innate Abilities, Weirdness & Mutations

You are resistant to torment.
Your stone body is resilient. (AC +3)
You are immune to poison.
You resist negative energy. (rN+)
You are resistant to electric shocks. (rElec)
You can survive without breathing.
You are immune to petrification.
You are immune to rotting.


Message History

The gnoll hits you from afar with a +0 halberd.
You closely miss the gnoll. You hit the orc. The orc closely misses you.
The gnoll hits you.
The gnoll hits you from afar with a +0 halberd!
* * * LOW HITPOINT WARNING * * *
You are too injured to fight recklessly!
You are too injured to fight recklessly!
You are too injured to fight recklessly!
You're too hungry.
You barely miss the gnoll. You barely miss the orc.
The orc hits you with a +2 dagger of freezing.
* * * LOW HITPOINT WARNING * * *
The orc freezes you.
* * * LOW HITPOINT WARNING * * *
The gnoll closely misses you. The gnoll misses you.
You barely miss the gnoll. You barely miss the orc.
The orc hits you with a +2 dagger of freezing.
* * * LOW HITPOINT WARNING * * *
The orc freezes you.
You die...

# #. .### ###
... # .... .g
.# #..#g##.#
#..gog..# #
#@#.#
#.##.#.#
#......#
####.###
#......# .
#.##.#.# ..
#.##.#.# ..
#....#.#
#.####.####.#


You could see 4 gnolls and an orc.

Vanquished Creatures
  Crazy Yiuf (D:2)
  An adder (D:2)
  A worm (D:2)
  2 dart slugs
  2 leopard geckos
  A ball python (D:1)
  2 giant cockroaches (D:2)
  2 goblins (D:2)
  4 hobgoblins
  3 jackals (D:1)
  11 bats
  3 frilled lizards
  3 kobolds
  4 rats
40 creatures vanquished.

Notes
Turn   | Place    | Note
-------+----------+-------------------------------------------
     0 | D:1      | Fang the Gargoyle Berserker began the quest for the Orb.
     0 | D:1      | Reached XP level 1. HP: 14/14 MP: 1/1
   116 | D:1      | Reached XP level 2. HP: 16/19 MP: 2/2
   431 | D:1      | Reached XP level 3. HP: 11/23 MP: 3/3
  1034 | D:2      | Found a hide-covered altar of Uskayaw.
  1162 | D:2      | Reached ** piety under Trog
  1379 | D:2      | Found a shimmering blue altar of Sif Muna.
  1449 | D:2      | Found a runed translucent door.
  1450 | D:2      | Noticed Crazy Yiuf
  1636 | D:2      | Reached XP level 4. HP: 23/29 MP: 4/4
  2059 | D:2      | Killed Crazy Yiuf
  2059 | D:2      | Reached skill level 4 in Fighting
  2160 | D:3      | HP: 1/29 [orc/+2 dagger of freezing (3)]
  2160 | D:3      | Slain by an orc

Levels and vault maps discovered:
D:1:      dpeg_arrival_simpleton_c, layout_basic
D:2:      layout_loops_corners, led_sif_pool, lemuel_doored_altar, first_ration,
          uniq_crazy_yiuf_cottage
D:3:      layout_loops_cross, lemuel_round_altar, marbit_many_paths

Skill      XL: |  1  2  3  4 |
---------------+-------------+-----
Axes           | 3 |  3.3
Dodging        | 2 |  2.3
Fighting       | 4 |  4.0
Armour         | 3 |  3.1

Action                   |  1- 3 |  4- 6 || total
-------------------------+-------+-------++-------
Melee: Hand axe          |   156 |    19 ||   175
Invok: Berserk           |     1 |     1 ||     2
 Stab: Sleeping          |     2 |       ||     2
  Eat: Chunk             |     3 |     1 ||     4
Armor: Animal skin       |    71 |     7 ||    78
Dodge: Dodged            |   117 |    15 ||   132
